[Event "Titled Tuesday Blitz November 01 Early 2022"]
[White "Costachi, Mihnea"]
[Black "Parpiev, Isaak"]
[WhiteFideId "1217518"]
[BlackFideId "34281576"]
[WhiteElo "2437"]
[BlackElo "2100"]
[Result "0-1"]
[Round "10"]
[TimeControl "180+1"]
[Date "2022.11.01"]
[WhiteClock "0:00:55"]
[BlackClock "0:00:05"]

1. Nc3 e5 2. e4 Nc6 3. Bc4 Nf6 4. d3 Bc5 5. f4 d6 6. Nf3 a6 7. f5 Na5 8. Bg5 c6 9. Qd2 b5 10. Bb3 Nxb3 11. axb3 Bb7 12. Be3 Bb6 13. b4 Qc7 14. O-O O-O-O 15. Bxb6 Qxb6+ 16. Qf2 Qc7 17. Qa7 d5 18. exd5 cxd5 19. d4 e4 20. Ne5 Rhe8 21. Rxa6 Bxa6 22. Qa8+ Qb8 23. Qc6+ Qc7 24. Qxa6+ Qb7 25. Qa5 Rd6 26. Ra1 Rb6 27. Nxf7 e3 28. Ne5 Kb8 29. Kf1 g6 30. fxg6 hxg6 31. Ke2 Nh5 32. Kxe3 Ng7 33. g4 Ne6 34. Ne2 Nc7 35. Kd3 Ra6 36. Nd7+ Kc8 37. Nc5 Rxa5 38. bxa5 Qa7 39. a6 Na8 40. Nc3 Qe7 41. Nxd5 Qe2+ 42. Kc3 Qc4+ 43. Kd2 Re2+ 44. Kd1 Qxc2# 0-1


[Site "https://www.chess.com"]

[Event "Titled Tuesday Blitz November 01 Early 2022"]
[White "De Souza, Cristiano Gomes"]
[Black "Baches Garcia, Guillermo"]
[WhiteFideId "2151758"]
[BlackFideId "2209764"]
[WhiteElo "2068"]
[BlackElo "2435"]
[Result "0-1"]
[Round "10"]
[TimeControl "180+1"]
[Date "2022.11.02"]
[WhiteClock "0:00:38"]
[BlackClock "0:00:19"]

1. d4 Nf6 2. c4 e6 3. Nf3 d5 4. Nc3 c5 5. cxd5 Nxd5 6. e4 Nxc3 7. bxc3 cxd4 8. cxd4 Bb4+ 9. Bd2 Bxd2+ 10. Qxd2 O-O 11. Rc1 b6 12. Bd3 Bb7 13. O-O Nc6 14. Qe3 Qd6 15. Bb1 h6 16. Rfd1 Rac8 17. h3 Ne7 18. Rxc8 Rxc8 19. Rc1 Rxc1+ 20. Qxc1 Nc6 21. Qc3 Qb4 22. Qxb4 Nxb4 23. Nd2 Kf8 24. f3 Nc6 25. Nb3 a5 26. a4 Ba6 27. d5 exd5 28. exd5 Nb4 29. d6 Ke8 30. Kf2 Kd7 31. Nd4 g6 32. h4 Kxd6 33. h5 gxh5 34. Nf5+ Ke5 35. Nxh6 Bc4 36. Ke3 Nd5+ 37. Kf2 Nf4 38. g3 Ng6 39. Nf5 Bb3 40. Ng7 Bxa4 41. Nxh5 Bb3 42. Ke3 a4 43. f4+ Kd6 44. Nf6 a3 45. Ne4+ Kc6 46. Nc3 Kc5 47. g4 b5 48. Ne4+ Kb4 49. Nd6 a2 50. Bxa2 Bxa2 51. Kd4 Nxf4 52. Ke5 Nh3 53. Kf6 Kc5 54. Nxb5 Kxb5 55. g5 Nf4 56. Kf5 Ng6 57. Kf6 Kc6 0-1


[Site "https://www.chess.com"]

[Event "Titled Tuesday Blitz November 01 Early 2022"]
[White "Deac, Bogdan-Daniel"]
[Black "Terry, Renato"]
[WhiteFideId "1226380"]
[BlackFideId "3803457"]
[WhiteElo "2648"]
[BlackElo "2577"]
[Result "1-0"]
[Round "10"]
[TimeControl "180+1"]
[Date "2022.11.01"]
[WhiteClock "0:00:05"]
[BlackClock "0:00:02"]

1. d4 e6 2. c4 Bb4+ 3. Nd2 Nf6 4. g3 O-O 5. Bg2 d6 6. Nf3 Qe7 7. O-O e5 8. Nb3 exd4 9. Nfxd4 Re8 10. Bf4 Nh5 11. Be3 Na6 12. Qc2 h6 13. Rad1 Nf6 14. h3 Bc5 15. Nxc5 Nxc5 16. Nb5 Nce4 17. Bd4 Bf5 18. Bxf6 Qxf6 19. Nxc7 Nxg3 20. Nxe8 Rxe8 21. fxg3 Bxc2 22. Rxf6 Bxd1 23. Rxd6 Bxe2 24. c5 Rc8 25. b4 Rc7 26. Rd8+ Kh7 27. Rb8 b6 28. cxb6 axb6 29. Rxb6 Bd3 30. Bd5 f5 31. Rc6 Rd7 32. Rc5 Re7 33. b5 Re1+ 34. Kf2 Re2+ 35. Kf3 Rb2 36. a4 g5 37. Ke3 Bf1 38. Rc7+ Kg6 39. Rc6+ Kg7 40. b6 Re2+ 41. Kd4 Rd2+ 42. Ke5 Re2+ 43. Kd6 Rb2 44. Rc7+ Kf6 45. b7 Ba6 46. Kc5 f4 47. gxf4 gxf4 48. Rc6+ Ke5 49. Rxa6 f3 50. Re6+ Kf5 51. Re8 Rc2+ 52. Kd6 f2 53. Rf8+ Kg5 54. Rxf2 Rxf2 55. b8=Q Rf6+ 56. Be6 Kh4 57. Qd8 Kg5 58. h4+ Kh5 59. Qe7 Rg6 60. Qf7 Kxh4 61. Qxg6 h5 62. Qf6+ 1-0


[Site "https://www.chess.com"]

[Event "Titled Tuesday Blitz November 01 Early 2022"]
[White "Deev, Andrei"]
[Black "Palacio,Igor Da Paz"]
[WhiteFideId "4102690"]
[BlackFideId "2121140"]
[WhiteElo "2270"]
[BlackElo "2126"]
[Result "1-0"]
[Round "10"]
[TimeControl "180+1"]
[Date "2022.11.02"]
[WhiteClock "0:00:15"]
[BlackClock "0:00:03"]

1. e4 c5 2. Nf3 d6 3. c3 Nf6 4. Be2 Nc6 5. d4 cxd4 6. cxd4 Nxe4 7. d5 Qa5+ 8. Nc3 Nxc3 9. bxc3 Ne5 10. O-O Nxf3+ 11. Bxf3 g6 12. Qd4 f6 13. Re1 Kf7 14. Bd2 Qc5 15. Qa4 Qc7 16. h4 h5 17. Be4 Bd7 18. Qc2 Rg8 19. c4 Rc8 20. Qd3 Qxc4 21. Qa3 Qa6 22. Qe3 Rc7 23. Rac1 Rxc1 24. Rxc1 Bg7 25. Rc7 Rd8 26. Bxg6+ Kxg6 27. Qxe7 Re8 28. Qxd7 Rg8 29. Qf7+ Kh7 30. Qxf6 Qxa2 31. Bc3 Qb1+ 32. Kh2 Qg6 33. Qe6 Qxe6 34. dxe6 Kg6 35. Bxg7 Rxg7 36. e7 Rg8 37. Rxb7 Re8 38. Rxa7 Kf6 39. Kg3 Rxe7 40. Rxe7 Kxe7 41. Kf4 Kf6 42. Ke4 Ke6 43. f3 d5+ 44. Kf4 Kf6 45. g4 hxg4 46. fxg4 Ke6 47. g5 Kd6 48. h5 Ke6 49. h6 Kf7 50. Ke5 Kg6 51. Kxd5 Kxg5 52. h7 Kg4 53. h8=Q Kg3 54. Qf6 Kg2 55. Ke4 Kh1 56. Qg5 Kh2 57. Kf3 Kh1 58. Qg2# 1-0


[Site "https://www.chess.com"]

[Event "Titled Tuesday Blitz November 01 Early 2022"]
[White "Durarbayli, Vasif"]
[Black "Kosteniuk, Alexandra"]
[WhiteFideId "13402935"]
[BlackFideId "4128125"]
[WhiteElo "2586"]
[BlackElo "2469"]
[Result "1-0"]
[Round "10"]
[TimeControl "180+1"]
[Date "2022.11.01"]
[WhiteClock "0:00:04"]
[BlackClock "0:00:02"]

1. e4 e5 2. Nf3 Nf6 3. Nc3 Nc6 4. a4 Bb4 5. Nd5 Nxd5 6. exd5 Ne7 7. Nxe5 Nxd5 8. Bc4 c6 9. Bxd5 cxd5 10. Qg4 Qf6 11. Qxb4 Qxe5+ 12. Kd1 Qh5+ 13. g4 Qh4 14. d3 d6 15. Re1+ Be6 16. Qb5+ Kf8 17. Be3 d4 18. Qxb7 Re8 19. Bd2 Qxg4+ 20. f3 Qg2 21. Qxa7 Qxf3+ 22. Kc1 h5 23. Qxd4 Kg8 24. a5 Rc8 25. a6 Bd5 26. a7 Ba8 27. Rg1 f6 28. Ra5 Kh7 29. Bc3 Rhe8 30. Kb1 Re5 31. Qxd6 Rxa5 32. Bxa5 Qf5 33. Qg3 g5 34. Bc3 Kg6 35. h4 g4 36. Qe1 Qb5 37. Rf1 Rc6 38. Qe7 Rb6 39. Rxf6+ Rxf6 40. Qxf6+ Kh7 41. Qg7# 1-0


[Site "https://www.chess.com"]

[Event "Titled Tuesday Blitz November 01 Early 2022"]
[White "Dushyant Sharma"]
[Black "Ibadov, Dashgyn"]
[WhiteFideId "25065130"]
[BlackFideId "24107514"]
[WhiteElo "2270"]
[BlackElo "2208"]
[Result "0-1"]
[Round "10"]
[TimeControl "180+1"]
[Date "2022.11.02"]
[WhiteClock "0:00:10"]
[BlackClock "0:01:26"]

1. e4 e6 2. d4 d5 3. exd5 exd5 4. Bd3 c5 5. c3 Nf6 6. Nf3 Bd6 7. O-O O-O 8. Be3 cxd4 9. cxd4 Nc6 10. Nc3 Bg4 11. h3 Bh5 12. Be2 Re8 13. Qb3 Na5 14. Qa4 Nc4 15. Nxd5 Nxd5 16. Bxc4 Bxf3 17. gxf3 Nxe3 18. fxe3 Qg5+ 19. Kh1 Qg3 20. Qc2 Qxh3+ 21. Kg1 Rxe3 22. Qg2 Qh4 23. Bd5 Rae8 24. Rac1 Qxd4 25. Rcd1 Rd3+ 26. Kh1 Rxd1 27. Rxd1 Qxd1+ 28. Qg1 Re1 29. Bxf7+ Kxf7 30. Qf1 Rxf1+ 31. Kg2 Qxf3# 0-1


[Site "https://www.chess.com"]

[Event "Titled Tuesday Blitz November 01 Early 2022"]
[White "Faizrakhmanov, Ramil"]
[Black "Nurmanova, Alua"]
[WhiteFideId "24103209"]
[BlackFideId "13729390"]
[WhiteElo "2421"]
[BlackElo "2088"]
[Result "1-0"]
[Round "10"]
[TimeControl "180+1"]
[Date "2022.11.01"]
[WhiteClock "0:00:26"]
[BlackClock "0:00:03"]

1. d4 Nf6 2. c4 g6 3. Nc3 Bg7 4. e4 d6 5. h3 O-O 6. Nf3 e5 7. d5 a5 8. g4 Na6 9. Be3 h5 10. g5 Nh7 11. Rg1 Nc5 12. h4 Bd7 13. Be2 Kh8 14. Qc2 c6 15. O-O-O cxd5 16. cxd5 Rc8 17. Kb1 b5 18. Bxb5 Nxe4 19. Bxd7 Nxc3+ 20. bxc3 Qxd7 21. Nd2 Qb5+ 22. Ka1 Rc7 23. Ne4 Qa6 24. Qd3 Qa8 25. Rb1 Rfc8 26. Rb6 Rxc3 27. Nxc3 e4 28. Qxe4 Bxc3+ 29. Kb1 Kg8 30. Rc1 Re8 31. Qc4 Be5 32. Qc6 Qd8 33. Rb7 Rf8 34. a4 Qa8 35. Ka2 Qd8 36. Qd7 Qa8 37. Rc6 Kh8 38. Ra7 Qb8 39. Qb7 Qe8 40. Qd7 Qb8 41. Rb6 Qd8 42. Qxd8 Rxd8 43. Rxf7 Rc8 44. Rc6 Rb8 45. Bb6 Re8 46. Rfc7 Nf8 47. Rc8 Rxc8 48. Rxc8 Kg7 49. Bxa5 Kf7 50. Bc3 Nd7 51. a5 Bxc3 52. Rxc3 Nc5 53. Rxc5 dxc5 54. a6 1-0


[Site "https://www.chess.com"]

[Event "Titled Tuesday Blitz November 01 Early 2022"]
[White "Fathy, Elameir"]
[Black "Ismayil, Malak"]
[WhiteFideId "10600396"]
[BlackFideId "13412604"]
[WhiteElo "2311"]
[BlackElo "1879"]
[Result "1-0"]
[Round "10"]
[TimeControl "180+1"]
[Date "2022.11.02"]
[WhiteClock "0:01:00"]
[BlackClock "0:00:18"]

1. d4 Nf6 2. c4 g6 3. Nc3 Bg7 4. e4 O-O 5. Nf3 d6 6. Be2 c6 7. Be3 Nbd7 8. Nd2 Qc7 9. Rc1 e5 10. d5 a6 11. O-O c5 12. a3 Ne8 13. b4 f5 14. f3 f4 15. Bf2 Nef6 16. Nb3 b6 17. Na4 Rf7 18. bxc5 bxc5 19. Qd2 Nf8 20. Qa5 Rb8 21. Qxc7 Rxc7 22. Na5 Bd7 23. Nc3 g5 24. Rb1 Rcc8 25. h3 Kf7 26. Bd3 Ke7 27. Bc2 h5 28. Ba4 g4 29. Bxd7 Kxd7 30. Nc6 Rxb1 31. Rxb1 Kc7 32. Na4 N8d7 33. Be1 Re8 34. Ba5+ Kc8 35. Na7# 1-0


[Site "https://www.chess.com"]

[Event "Titled Tuesday Blitz November 01 Early 2022"]
[White "Gabrielian, Artur"]
[Black "Lopez, Henry"]
[WhiteFideId "4131002"]
[BlackFideId "5203830"]
[WhiteElo "2432"]
[BlackElo "2177"]
[Result "1-0"]
[Round "10"]
[TimeControl "180+1"]
[Date "2022.11.01"]
[WhiteClock "0:01:37"]
[BlackClock "0:00:48"]

1. d4 d5 2. c4 c6 3. Nf3 Nf6 4. Nc3 dxc4 5. a4 Bf5 6. e3 e6 7. Bxc4 Bb4 8. O-O Nbd7 9. Qe2 O-O 10. e4 Bg4 11. h3 Bh5 12. e5 Nd5 13. Nxd5 cxd5 14. Bd3 Bg6 15. Ng5 Re8 16. f4 a6 17. Be3 Rc8 18. g4 h6 19. Nf3 Be4 20. f5 Qa5 21. f6 Bf8 22. fxg7 Bxg7 23. Rf2 Qb4 24. Raf1 Bxd3 25. Qxd3 Qc4 26. Qd2 Kh7 27. Ne1 1-0


[Site "https://www.chess.com"]

[Event "Titled Tuesday Blitz November 01 Early 2022"]
[White "Gheorghiu, Calin"]
[Black "Horcajuelo Rocamora, Martin"]
[WhiteFideId "1200305"]
[BlackFideId "24573027"]
[WhiteElo "2225"]
[BlackElo "2094"]
[Result "1-0"]
[Round "10"]
[TimeControl "180+1"]
[Date "2022.11.02"]
[WhiteClock "0:00:41"]
[BlackClock "0:00:55"]

1. d4 Nf6 2. Bf4 g6 3. Nf3 Bg7 4. c3 d6 5. Nbd2 O-O 6. e4 Nbd7 7. Be2 e5 8. Be3 Re8 9. Qc2 c6 10. O-O Qe7 11. Bd3 b6 12. Rfe1 Bb7 13. a4 a5 14. Nc4 Ng4 15. Bg5 f6 16. Bh4 g5 17. Bg3 d5 18. exd5 cxd5 19. Bxh7+ Kh8 20. Bf5 Nh6 21. Bxd7 Qxd7 22. Nxb6 Qc6 23. Nxa8 e4 24. Nd2 f5 25. Nc7 Re7 26. c4 f4 27. Nxd5 Rd7 28. Qb3 fxg3 29. hxg3 Bxd4 30. Nxe4 Kg7 31. Rad1 Ba7 32. Nxg5 Bxf2+ 33. Kxf2 Qc5+ 34. Qe3 Ng4+ 35. Kg1 Nxe3 36. Ne6+ Kg6 37. Nxc5 1-0


[Site "https://www.chess.com"]

[Event "Titled Tuesday Blitz November 01 Early 2022"]
[White "Goriatchkin, Jouri"]
[Black "Mihailidis, Anastasios"]
[WhiteFideId "4120183"]
[BlackFideId "4205588"]
[WhiteElo "1876"]
[BlackElo "2312"]
[Result "0-1"]
[Round "10"]
[TimeControl "180+1"]
[Date "2022.11.02"]
[WhiteClock "0:00:02"]
[BlackClock "0:00:05"]

1. d4 d5 2. Bf4 Nf6 3. e3 e6 4. Nf3 Bd6 5. Bxd6 Qxd6 6. c4 dxc4 7. Nc3 O-O 8. Bxc4 c5 9. O-O cxd4 10. Qxd4 Qe7 11. Rfd1 Nc6 12. Qh4 b6 13. e4 Qc5 14. Bb3 Ne5 15. Nxe5 Qxe5 16. Bc2 Bb7 17. f4 Qh5 18. Qxh5 Nxh5 19. g3 Nf6 20. Kf2 Ng4+ 21. Kg1 Rfd8 22. Rxd8+ Rxd8 23. Rd1 Rxd1+ 24. Bxd1 Ne3 25. Kf2 Nxd1+ 26. Nxd1 Bxe4 27. Ke3 Bc6 28. Kd4 Kf8 29. Ne3 Ke7 30. f5 f6 31. fxe6 Kxe6 32. b4 h5 33. Nc2 g5 34. Na3 Bb7 35. Nb5 a6 36. Nc3 Bc6 37. a4 a5 38. b5 Bb7 39. Na2 Bd5 40. Nc1 Bf3 41. Nb3 Bd1 42. Nd2 Bxa4 43. Kc4 Bd1 44. Ne4 Be2+ 45. Kc3 Bxb5 0-1


[Site "https://www.chess.com"]

[Event "Titled Tuesday Blitz November 01 Early 2022"]
[White "Goroshkov, Maksym"]
[Black "Hoffmann, Asa"]
[WhiteFideId "14142716"]
[BlackFideId "2001470"]
[WhiteElo "2257"]
[BlackElo "2117"]
[Result "1-0"]
[Round "10"]
[TimeControl "180+1"]
[Date "2022.11.02"]
[WhiteClock "0:00:20"]
[BlackClock "0:00:22"]

1. e4 d6 2. d4 Nf6 3. Bd3 e5 4. c3 Nc6 5. Ne2 Be7 6. O-O O-O 7. Bg5 h6 8. Bxf6 Bxf6 9. d5 Ne7 10. Nd2 Ng6 11. Re1 Bd7 12. Nf1 Bg5 13. Ne3 Nf4 14. Nxf4 Bxf4 15. Qf3 Qg5 16. Nf1 f5 17. exf5 Bxf5 18. Bxf5 Rxf5 19. Qd3 Raf8 20. g3 Qg4 21. Qe2 Qxe2 22. Rxe2 Bg5 23. h4 Bd8 24. Ne3 Rf3 25. Kg2 c6 26. Rd1 c5 27. b4 Bb6 28. Nc4 Rxc3 29. Nxd6 cxb4 30. Ne4 Rcc8 31. d6 Rcd8 32. Rd5 Bd4 33. Rc2 Rf7 34. Rc4 Bc3 35. a3 Bd4 36. axb4 Rfd7 37. Ra5 a6 38. Nc5 Rxd6 39. Nxb7 R8d7 40. Nxd6 Rxd6 41. Rc8+ Kf7 42. Ra8 Rb6 43. Ra4 h5 44. Ra7+ Kg8 45. R7xa6 Rb5 46. R6a5 Rb7 47. Ra8+ Kh7 48. Rc8 Kg6 49. Rc6+ Kf5 50. Rc1 Ke4 51. Re1+ Kd5 52. Rb1 Rb5 53. Ra5 Kc6 54. Rxb5 Kxb5 55. f4 e4 56. Re1 e3 57. Rb1 g6 58. Kf3 Bb6 59. Rb3 Kc4 60. Rxe3 Bxe3 61. Kxe3 Kxb4 62. Kd4 Kb5 63. Ke5 Kc5 64. Kf6 Kd4 65. Kxg6 Ke3 66. Kxh5 1-0


[Site "https://www.chess.com"]

[Event "Titled Tuesday Blitz November 01 Early 2022"]
[White "Goryachkina, Aleksandra"]
[Black "Chan, Kim Yew"]
[WhiteFideId "4147103"]
[BlackFideId "5717981"]
[WhiteElo "2484"]
[BlackElo "2206"]
[Result "1-0"]
[Round "10"]
[TimeControl "180+1"]
[Date "2022.11.02"]
[WhiteClock "0:01:55"]
[BlackClock "0:00:49"]

1. e4 e5 2. Nc3 Nf6 3. d4 exd4 4. Qxd4 Nc6 5. Qd3 Bb4 6. Bg5 h6 7. Bh4 d6 8. O-O-O Be6 9. f4 g5 10. fxg5 Nh7 11. Nf3 hxg5 12. Bg3 Bxc3 13. Qxc3 Qf6 14. e5 Qg7 15. Bb5 Bd7 16. e6 Qxc3 17. exd7+ 1-0


[Site "https://www.chess.com"]

[Event "Titled Tuesday Blitz November 01 Early 2022"]
[White "Grot, Blazej"]
[Black "Malyi, Viacheslav"]
[WhiteFideId "21835845"]
[BlackFideId "14123983"]
[WhiteElo "1739"]
[BlackElo "2291"]
[Result "0-1"]
[Round "10"]
[TimeControl "180+1"]
[Date "2022.11.02"]
[WhiteClock "0:00:53"]
[BlackClock "0:01:03"]

1. e4 e5 2. Nf3 Nc6 3. Bb5 a6 4. Ba4 Nf6 5. O-O b5 6. Bb3 Bc5 7. c3 d6 8. Re1 O-O 9. h3 Rb8 10. d4 Bb6 11. d5 Ne7 12. Nbd2 Ng6 13. Nf1 Bb7 14. Ng3 c6 15. dxc6 Bxc6 16. Bg5 h6 17. Bd2 Re8 18. Qe2 d5 19. exd5 Nxd5 20. Bxd5 Qxd5 21. Ne4 f5 22. Ng3 e4 23. Nd4 Bxd4 24. cxd4 f4 25. Qg4 e3 26. Nf5 exd2 27. Rxe8+ Rxe8 28. Qxg6 Re1+ 29. Kh2 Qxg2+ 30. Qxg2 Bxg2 31. Ne7+ Kh7 0-1


[Site "https://www.chess.com"]

[Event "Titled Tuesday Blitz November 01 Early 2022"]
[White "Grover, Sahaj"]
[Black "Ozen, Bahadir"]
[WhiteFideId "5021103"]
[BlackFideId "6337058"]
[WhiteElo "2432"]
[BlackElo "2503"]
[Result "0-1"]
[Round "10"]
[TimeControl "180+1"]
[Date "2022.11.01"]
[WhiteClock "0:00:04"]
[BlackClock "0:00:30"]

1. e4 g6 2. d4 Bg7 3. Nc3 c6 4. Nf3 d6 5. h3 Nd7 6. a4 Qc7 7. Be2 Ngf6 8. O-O O-O 9. Be3 b6 10. Qd2 a6 11. Bh6 Bb7 12. Rfe1 Rfd8 13. Qg5 b5 14. Bxg7 Kxg7 15. e5 b4 16. exf6+ exf6 17. Qd2 bxc3 18. Qxc3 c5 19. a5 Rac8 20. dxc5 Nxc5 21. Nd4 Qb8 22. Qb4 Ba8 23. c3 Qa7 24. Qb6 Qd7 25. b4 Rb8 26. bxc5 Rxb6 27. cxb6 Bb7 28. Bd3 Rc8 29. c4 d5 30. c5 Rxc5 31. Rec1 Rxc1+ 32. Rxc1 Qa4 33. Ne6+ fxe6 34. Rc7+ Kh6 35. Rxb7 Qxa5 36. Rb8 Qa1+ 37. Bf1 Qb1 38. g3 a5 39. b7 a4 40. Kg2 a3 41. Ra8 Qxb7 42. Rxa3 Qe7 43. Rf3 Kg7 44. Rb3 Qc7 45. Ba6 Qc6 46. Bd3 f5 47. Bb5 Qb6 48. Bc4 Qc6 49. Be2 Kf6 50. Bb5 Qc2 51. Re3 Qc7 52. Ba4 d4 53. Re2 Qb7+ 54. Kh2 d3 55. Rd2 Qb4 56. Rxd3 Qxa4 57. Re3 Qd4 58. Kg2 e5 59. Ra3 Qd5+ 0-1


[Site "https://www.chess.com"]

[Event "Titled Tuesday Blitz November 01 Early 2022"]
[White "Gu, Xiaobing"]
[Black "Odegov, Artem"]
[WhiteFideId "8602611"]
[BlackFideId "34183644"]
[WhiteElo "2174"]
[BlackElo "2298"]
[Result "1-0"]
[Round "10"]
[TimeControl "180+1"]
[Date "2022.11.02"]
[WhiteClock "0:00:32"]
[BlackClock "0:00:31"]

1. e4 e6 2. d4 d5 3. Nd2 Nf6 4. e5 Nfd7 5. Bd3 c5 6. c3 Nc6 7. Ne2 cxd4 8. cxd4 f6 9. exf6 Nxf6 10. O-O Bd6 11. Nf3 Qc7 12. Bg5 O-O 13. Bh4 Ng4 14. Bg3 Bxg3 15. Nxg3 g6 16. Rc1 Bd7 17. h3 Nf6 18. Re1 Qf4 19. Bb5 Ne4 20. Bxc6 Bxc6 21. Ne2 Qh6 22. Ng3 Qf4 23. Ne2 Qh6 24. Rc2 Rf6 25. Ng3 Raf8 26. Nxe4 dxe4 27. Ne5 e3 28. Ng4 exf2+ 29. Rxf2 Rxf2 30. Nxh6+ Kg7 31. Re2 Rxe2 32. Qxe2 Kxh6 33. Qxe6 Rf5 34. g4 Rd5 35. Qe7 Rd7 36. Qf8+ Kg5 37. Kf2 h5 38. Kg3 h4+ 39. Kf2 a6 40. Ke3 Bd5 41. Qf4# 1-0


[Site "https://www.chess.com"]

[Event "Titled Tuesday Blitz November 01 Early 2022"]
[White "Gubajdullin, Alexei"]
[Black "Manukian, Artak"]
[WhiteFideId "4141202"]
[BlackFideId "13301373"]
[WhiteElo "2200"]
[BlackElo "2490"]
[Result "1-0"]
[Round "10"]
[TimeControl "180+1"]
[Date "2022.11.02"]
[WhiteClock "0:00:37"]
[BlackClock "0:01:05"]

1. d4 d5 2. Nf3 Nf6 3. Bf4 Bf5 4. e3 e6 5. c4 Bxb1 6. Qxb1 Bb4+ 7. Kd1 Ne4 8. Qc2 c5 9. cxd5 exd5 10. Bb5+ Nc6 11. Ne5 O-O 12. Bxc6 bxc6 13. f3 Nf6 14. a3 Ba5 15. Nxc6 Qb6 16. Nxa5 Qxa5 17. dxc5 Qb5 18. b4 a5 19. Rb1 axb4 20. axb4 Ra3 21. Qe2 Qa4+ 22. Qc2 Qa8 23. Ke2 d4 24. exd4 Nd5 25. Bd2 Re8+ 26. Kf2 Ra2 27. Rb2 Rxb2 28. Qxb2 h5 29. b5 Qa4 30. b6 Qc4 31. Re1 Rxe1 32. Bxe1 Nf4 33. b7 Nd3+ 34. Ke3 Nxb2 35. b8=Q+ Kh7 36. Qxb2 1-0


[Site "https://www.chess.com"]

[Event "Titled Tuesday Blitz November 01 Early 2022"]
[White "Guz, Ari"]
[Black "Selkirk, Rebecca"]
[WhiteFideId "2825759"]
[BlackFideId "14306514"]
[WhiteElo "2205"]
[BlackElo "1649"]
[Result "1-0"]
[Round "10"]
[TimeControl "180+1"]
[Date "2022.11.02"]
[WhiteClock "0:01:10"]
[BlackClock "0:00:01"]

1. e4 c5 2. Nf3 e6 3. c3 d5 4. exd5 exd5 5. d4 Nc6 6. Bd3 Nf6 7. O-O Be6 8. Bg5 Be7 9. dxc5 Bxc5 10. Nbd2 O-O 11. Qc2 h6 12. Bh4 Rc8 13. Rae1 Be7 14. Qb1 d4 15. c4 a6 16. a3 Re8 17. b4 Bg4 18. h3 Be6 19. Qb2 Qd7 20. Bb1 Bf5 21. Bxf5 Qxf5 22. Nxd4 Qf4 23. Nxc6 bxc6 24. Bg3 Qg5 25. c5 Nd5 26. Nf3 Qg6 27. Ne5 Qf5 28. Qb1 Qg5 29. Nf3 Qh5 30. Re5 Qg6 31. Qxg6 fxg6 32. Rfe1 Kf8 33. Nd4 Bf6 34. Rxe8+ Rxe8 35. Bd6+ Kf7 36. Rxe8 Kxe8 37. Nxc6 Bb2 38. a4 1-0


[Site "https://www.chess.com"]

[Event "Titled Tuesday Blitz November 01 Early 2022"]
[White "Ilkhomi, Jaloliddin"]
[Black "Rosenberg, Evan S"]
[WhiteFideId "14700948"]
[BlackFideId "2019299"]
[WhiteElo "2045"]
[BlackElo "2389"]
[Result "1-0"]
[Round "10"]
[TimeControl "180+1"]
[Date "2022.11.02"]
[WhiteClock "0:00:31"]
[BlackClock "0:00:01"]

1. d4 d5 2. Bf4 Nf6 3. e3 e6 4. Nd2 Bd6 5. Bg3 b6 6. c3 O-O 7. Ngf3 c5 8. Bd3 cxd4 9. exd4 Ba6 10. Qe2 Bxd3 11. Qxd3 Qc7 12. O-O Bxg3 13. hxg3 Nbd7 14. Rae1 Rab8 15. Ne5 Nxe5 16. Rxe5 b5 17. f4 a5 18. f5 Ng4 19. Re2 b4 20. Rf4 h5 21. Nf3 bxc3 22. bxc3 Qc4 23. Qc2 Rb1+ 24. Re1 Rxe1+ 25. Nxe1 Rc8 26. fxe6 fxe6 27. Rf3 e5 28. Qf5 Rc7 29. Qxh5 Nf6 30. Qxe5 Rf7 31. g4 Qc7 32. g5 Qxe5 33. dxe5 Ne4 34. Rd3 Rf5 35. Nf3 Nxg5 36. Nxg5 Rxg5 37. Rxd5 a4 38. Ra5 Kf7 39. Kf2 Ke6 40. Ra6+ Kd5 41. Rxa4 Rf5+ 42. Kg3 Rg5+ 43. Kh3 Rh5+ 44. Kg4 Rh2 45. g3 Rc2 46. Ra5+ Ke6 47. Rc5 Rxa2 48. Kg5 Rg2 49. g4 Rg3 50. c4 Rg2 51. Kh5 Rh2+ 52. Kg6 Rg2 53. g5 Rg4 54. Ra5 Rxc4 55. Kxg7 Rg4 56. Kg6 1-0


[Site "https://www.chess.com"]

[Event "Titled Tuesday Blitz November 01 Early 2022"]
[White "Izuzquiza Gonzalez, Javier"]
[Black "Orlov, Georgi"]
[WhiteFideId "3101029"]
[BlackFideId "2011271"]
[WhiteElo "2034"]
[BlackElo "2579"]
[Result "0-1"]
[Round "10"]
[TimeControl "180+1"]
[Date "2022.11.02"]
[WhiteClock "0:00:16"]
[BlackClock "0:01:40"]

1. d4 Nf6 2. c4 Nc6 3. d5 Ne5 4. Qc2 e6 5. f4 Ng6 6. Nc3 exd5 7. cxd5 Bb4 8. e4 Qe7 9. Bd3 Nxd5 10. Ne2 Nxc3 11. bxc3 Bc5 12. Nd4 d6 13. O-O Qf6 14. Be3 O-O 15. Rae1 Bd7 16. Qf2 Rae8 17. Bb1 Bb6 18. Qc2 Bc6 19. Nxc6 bxc6 20. e5 dxe5 21. fxe5 Qh4 22. Bxb6 axb6 23. Re4 Qh5 24. Rfe1 Re6 25. R4e3 Rfe8 26. Qf5 Qxf5 27. Bxf5 Rxe5 28. Rxe5 Rxe5 29. Bd7 Rxe1+ 0-1


[Site "https://www.chess.com"]

[Event "Titled Tuesday Blitz November 01 Early 2022"]
[White "Jakubowski, Krzysztof"]
[Black "Devaev, Alexander"]
[WhiteFideId "1112848"]
[BlackFideId "4169395"]
[WhiteElo "2373"]
[BlackElo "2225"]
[Result "1-0"]
[Round "10"]
[TimeControl "180+1"]
[Date "2022.11.02"]
[WhiteClock "0:00:57"]
[BlackClock "0:00:03"]

1. d4 Nf6 2. c4 e6 3. Nc3 Bb4 4. Qc2 d5 5. cxd5 exd5 6. Bg5 O-O 7. a3 Bxc3+ 8. Qxc3 c6 9. e3 Bf5 10. Bd3 Bxd3 11. Qxd3 Nbd7 12. Nf3 h6 13. Bh4 Re8 14. O-O a6 15. Rfc1 Qb6 16. Rab1 a5 17. b4 axb4 18. axb4 Rec8 19. Bxf6 Nxf6 20. Ne5 Ra2 21. Qf5 Rca8 22. h4 h5 23. b5 cxb5 24. Rc8+ Rxc8 25. Qxc8+ Kh7 26. Nxf7 Qc6 27. Ng5+ Kg6 28. Qf8 Qd7 29. Rc1 Qf5 30. Nf3 Qe6 31. Ne5+ Kh7 32. Rc7 Ra1+ 33. Kh2 Ng4+ 34. Kg3 1-0


[Site "https://www.chess.com"]

[Event "Titled Tuesday Blitz November 01 Early 2022"]
[White "Jia, Haoxiang"]
[Black "Kirillov, Dmitry"]
[WhiteFideId "8602999"]
[BlackFideId "34180572"]
[WhiteElo "2647"]
[BlackElo "2095"]
[Result "0-1"]
[Round "10"]
[TimeControl "180+1"]
[Date "2022.11.02"]
[WhiteClock "0:01:21"]
[BlackClock "0:00:26"]

1. e4 c6 2. d4 d5 3. e5 c5 4. dxc5 Nc6 5. Bb5 e6 6. Nf3 Bxc5 7. O-O Ne7 8. c4 a6 9. Bxc6+ bxc6 10. Nc3 O-O 11. Bg5 h6 12. Bh4 Rb8 13. Qc2 Qc7 14. a3 Nf5 15. Bg3 Nd4 16. Nxd4 Bxd4 17. Rfe1 a5 18. Rac1 Ba6 19. cxd5 cxd5 20. Nxd5 Qxc2 21. Ne7+ Kh7 22. Rxc2 Rxb2 23. Rec1 Rxc2 24. Rxc2 Rb8 25. h4 Rb1+ 26. Kh2 a4 27. Nc6 Bb2 28. Nb4 Bb5 29. f3 Bxa3 30. Nc6 Rc1 31. Rxc1 Bxc1 32. Nd4 a3 33. Be1 Bb2 0-1


[Site "https://www.chess.com"]

[Event "Titled Tuesday Blitz November 01 Early 2022"]
[White "Jiganchine, Roman"]
[Black "Ronka, Erik"]
[WhiteFideId "2603667"]
[BlackFideId "505080"]
[WhiteElo "2318"]
[BlackElo "2264"]
[Result "1/2-1/2"]
[Round "10"]
[TimeControl "180+1"]
[Date "2022.11.02"]
[WhiteClock "0:00:06"]
[BlackClock "0:00:09"]

1. e4 e5 2. Nf3 Nc6 3. Nc3 Nf6 4. Bb5 Bb4 5. O-O O-O 6. Bxc6 dxc6 7. d3 Nd7 8. Ne2 Kh8 9. Ng3 g6 10. h3 Re8 11. Nh2 Nf8 12. Kh1 Ne6 13. a3 Bd6 14. b4 c5 15. Bb2 f6 16. bxc5 Bxc5 17. Ng4 Nf4 18. Ne2 Bxg4 19. hxg4 Nxe2 20. Qxe2 g5 21. Qf3 Kg7 22. g3 Rh8 23. Kg2 Qd7 24. Rh1 h6 25. Rad1 Rad8 26. Qe2 Qe6 27. Ra1 Rd6 28. Rhf1 Rb6 29. c3 Rd8 30. f4 Qd6 31. fxe5 fxe5 32. d4 exd4 33. e5 Qd5+ 34. Kh2 d3 35. Qd2 Re8 36. Rae1 Rxe5 37. c4 Rxb2 38. Qxb2 Qd4 39. Qxd4 Bxd4 40. Rxe5 Bxe5 41. Rd1 Bd6 42. a4 Kf6 43. Rxd3 Ke5 44. Kg2 Ke4 45. Rd1 Ke3 46. Rd5 b6 47. Rd1 a5 48. Rd5 Ke4 49. Rd1 Ke3 50. Rd5 Ke2 51. Rd4 Ke3 52. Rd5 1/2-1/2


[Site "https://www.chess.com"]